 Dungeon Crawl Stone Soup version 0.21-a0-509-gecc5317 (webtiles) character file.

347 BingusPrime the Charmwright (level 6, -12/47 HPs)
             Began as a Merfolk Skald on Nov 29, 2017.
             Mangled by a gnoll
             ... wielding a +0 halberd
              (15 damage)
             ... on level 4 of the Dungeon.
             The game lasted 00:10:48 (1587 turns).

BingusPrime the Charmwright (Merfolk Skald)         Turns: 1587, Time: 00:10:49

Health: -12/47     AC:  4    Str: 11    XL:     6   Next: 59%
Magic:  8/10       EV: 13    Int: 13    God:
Gold:   79         SH:  0    Dex: 15    Spells: 5/10 levels left

rFire    + . .     SeeInvis .   j - +2 short sword (elec)
rCold    x . .     Gourm    .   (no shield)
rNeg     . . .     Faith    .   b - +1 leather armour
rPois    .         Spirit   .   (no helmet)
rElec    .         Reflect  .   (no cloak)
rCorr    .         Harm     .   (no gloves)
MR       .....                  (no boots)
Stlth    +.........             (no amulet)
HPRegen  0.15/turn              p - ring of fire
MPRegen  0.12/turn              (no ring)

@: shrouded, singing (expiring), glowing
A: change form in water, swift swim, stealthy swim
a: no special abilities


You were on level 4 of the Dungeon.
You were not hungry.

You visited 1 branch of the dungeon, and saw 4 of its levels.

You collected 79 gold pieces.

Inventory:

Hand Weapons
 a - a +0 falchion
 j - a +2 short sword of electrocution (weapon)
 o - a +0 blowgun
Missiles
 n - 2 tomahawks (quivered)
 r - 10 poisoned needles
Armour
 b - a +1 leather armour (worn)
Jewellery
 p - a ring of fire (left hand)
Potions
 e - 2 potions of degeneration
 g - a potion of mutation
Books
 c - a book of Battle

   Spells                             Type                      Level
   a - Infusion                       Charms                       1
   b - Shroud of Golubria             Charms/Translocation         2
   c - Song of Slaying                Charms                       2
   d - Spectral Weapon                Hexes/Charms                 3
   e - Regeneration                   Charms/Necromancy            3
Comestibles
 d - 2 bread rations
 f - a meat ration
 s - 2 chunks of flesh


   Skills:
 + Level 3.2 Fighting
 + Level 2.6(3.3) Short Blades
 + Level 2.7(3.2) Long Blades
 + Level 0.1 Throwing
 + Level 1.7 Armour
 + Level 3.8 Dodging
 + Level 0.8 Stealth
 + Level 2.9 Spellcasting
 + Level 4.7 Charms
 + Level 0.8 Translocations


You had 5 spell levels left.
You knew the following spells:

 Your Spells              Type           Power        Failure   Level  Hunger
a - Infusion              Chrm           ##..         4%          1    #......
b - Shroud of Golubria    Chrm/Tloc      #.........   16%         2    ###....
c - Song of Slaying       Chrm           ##......     7%          2    ###....


Dungeon Overview and Level Annotations

Branches:
Dungeon (4/15)
 Temple: D:4-7

Altars:

Annotations:
D:2 Sigmund


Message History

Your song is almost over.
The gnoll misses you.
Your shroud bends the gnoll's attack away.
The gnoll misses you.
You hit the gnoll.
The gnoll is almost dead.
The gnoll misses you.
Your shroud bends the gnoll's attack away!
You hit the gnoll.
You kill the gnoll!
The gnoll barely misses you.
You hit the gnoll.
The gnoll is moderately wounded.
The gnoll barely misses you. The gnoll closely misses you.
The gnoll barely misses you.
You hit the gnoll. Lightning courses through the gnoll!
You kill the gnoll!
Your shroud bends the gnoll's attack away.
The gnoll hits you from afar with a halberd!
You die...

... ≈≈ ≈≈
##### #...
## #g. +.
#g# #?. #@#
#... #g#
##'###g#
#....gg#
#.....g#
#########.#
........#.#
........'.#
........#'#


You could see 7 gnolls.

Vanquished Creatures
  Purgy (D:3)
  An ogre (D:4)
  2 gnoll shamans (D:4)
  A worker ant (D:4)
  2 gnolls (D:4)
  An adder (D:3)
  An ooze (D:3)
  A worm (D:3)
  A dart slug (D:1)
  3 leopard geckos
  5 orcs (D:3)
  8 bats
  3 goblins
  A hobgoblin (D:3)
  A quokka (D:3)
  A ball python (D:3)
  A frilled lizard (D:3)
  8 kobolds
  3 rats
45 creatures vanquished.

Notes
Turn   | Place    | Note
-------+----------+-------------------------------------------
     0 | D:1      | BingusPrime the Merfolk Skald began the quest for the Orb.
     0 | D:1      | Reached XP level 1. HP: 16/16 MP: 3/3
   201 | D:1      | Reached XP level 2. HP: 19/23 MP: 5/5
   209 | D:1      | Learned a level 2 spell: Shroud of Golubria
   558 | D:2      | Noticed Sigmund
   585 | D:3      | Reached XP level 3. HP: 20/28 MP: 1/6
   604 | D:3      | Reached skill level 1 in Armour
   817 | D:3      | Learned a level 2 spell: Song of Slaying
   840 | D:3      | Noticed Purgy
   848 | D:3      | Killed Purgy
   848 | D:3      | Reached skill level 1 in Short Blades
   848 | D:3      | Reached skill level 4 in Charms
   848 | D:3      | Reached XP level 4. HP: 33/34 MP: 0/7
   848 | D:3      | Reached XP level 5. HP: 38/39 MP: 0/8
  1511 | D:4      | Noticed an ogre
  1518 | D:4      | Killed an ogre
  1518 | D:4      | Reached XP level 6. HP: 47/47 MP: 3/10
  1587 | D:4      | Mangled by a gnoll

Vault maps used:
D:1:      matt_arrival_los_fun
D:2:      tso_altar, chequers_temple_overflow_statue_of_worship,
          hangedman_decor_riveting, uniq_sigmund
D:3:      yredelemnul_forgotten_temple_becter, xom_teletrap_fun, uniq_purgy
D:4:      lemuel_castle_with_subvaults, serial_shops, nicolae_shop_waterfront

Skill      XL: |  1  2  3  4  5 |
---------------+----------------+-----
Dodging        | 3 |  3.8
Armour         | 1 |  1.7
Short Blades   | 1 2 |  2.6
Charms         | 4 |  4.7
Fighting       | 3 |  3.2
Long Blades    | |  2.7
Throwing       | |  0.1
Stealth        | |  0.8
Spellcasting   | |  2.9
Translocations | |  0.8

Action                   |  1- 3 |  4- 6 || total
-------------------------+-------+-------++-------
Melee: Falchion          |    25 |       ||    25
       Short sword       |    29 |    73 ||   102
Throw: Tomahawk          |       |     2 ||     2
 Cast: Infusion          |     6 |     2 ||     8
       Shroud of Golubri |     2 |     6 ||     8
       Song of Slaying   |       |     1 ||     1
  Use: Scroll            |     3 |     4 ||     7
       Potion            |       |     4 ||     4
 Stab: Sleeping          |     1 |       ||     1
  Eat: Chunk             |       |     3 ||     3
Armor: Leather armour    |    14 |     4 ||    18
       Skin              |       |    40 ||    40
Dodge: Dodged            |    39 |    60 ||    99
       Rpst.: Falchion   |     9 |       ||     9

Table legend:
 A = Spawn XP
 B = Non-spawn XP
 C = Spawn XP percentage of total XP
 D = Spawn monster count
 E = Non-spawn monster count
 F = Spawn count percentage of total count
 G = Total turns spent on level
                    A         B        C        D         E        F      G
               +---------+---------+-------+---------+---------+-------+---------
         Total |       0 |     497 |   0.0 |       0 |      45 |   0.0 |  1587
               +---------+---------+-------+---------+---------+-------+---------
           D:1 |       0 |      22 |   0.0 |       0 |      12 |   0.0 |   504
           D:2 |       0 |       5 |   0.0 |       0 |       3 |   0.0 |    66
           D:3 |       0 |     193 |   0.0 |       0 |      22 |   0.0 |   613
           D:4 |       0 |     277 |   0.0 |       0 |       8 |   0.0 |   404
               +---------+---------+-------+---------+---------+-------+---------
